AoeStats
← crypto_zhupel

African Clearing

504234641Analyzed
2v2 RM · 27d ago on Sep 4, 2026· 37m 27s· 4 players
Game mode
Random Map
Map size
Medium (4 player)
Population
200
Speed
Normal
Resources
Standard
Victory
Conquest
Starting age
Dark Age
Ending age
Imperial Age
RankedLock teamsTeams togetherTeam positionsShared explorationLock speedFull tech treeHidden civsTurbo modeCheats
Victory
Defeat
🇦🇹 Burgundians · Austria
1443
+15
🇨🇱 Mongols · Chile
1416
+16
🇷🇺 Mongols · Russia
1434
-16
🇷🇺 Dravidians · Russia
1409
-15
AP10
12:07 Feudal Age
14:35 Double-Bit Axe
15:15 Loom
15:30 Fletching
15:38 Loom
23:20 Castle Age
25:39 Bodkin Arrow
28:43 Gold Mining
29:38 Bloodlines
36:18 Padded Archer Armor
36:34 Husbandry
37:27 Thumb Ring
Killerqueen
10:54 Loom
13:12 Feudal Age
11:30 Double-Bit Axe
18:00 Castle Age
17:15 Bow Saw
20:52 Wheelbarrow
20:54 Scale Mail Armor
26:11 Horse Collar
29:47 Hand Cart
32:36 Scale Barding Armor
31:52 Cavalier
32:33 Husbandry
34:01 Chain Barding Armor
35:10 Gold Mining
youteGG_mangoneluser
8:52 Loom
11:05 Feudal Age
19:46 Fletching
24:37 Castle Age
23:30 Padded Archer Armor
24:29 Gold Mining
25:09 Double-Bit Axe
26:41 Bodkin Arrow
27:31 Town Watch
29:29 Husbandry
31:42 Bloodlines
36:28 Leather Archer Armor
crypto_zhupel
5:23 Loom
11:43 Feudal Age
12:01 Feudal Age
17:30 Castle Age
20:52 Fletching
21:31 Bodkin Arrow
22:37 Padded Archer Armor
23:36 Leather Archer Armor
Connection lost

Rejoining the realm…

Still unreachable

The connection could not be restored.

Session expired

The server has moved on; the page needs a fresh start.